AoeStats
← a.l.a.n.t

Nomad

508400573Analyzed
4v4 RM · 10d ago on Sep 22, 2026· 37m 29s· 8 players
Game mode
Random Map
Map size
231×231
Population
200
Speed
Normal
Resources
Standard
Victory
Conquest
Starting age
Dark Age
Ending age
Imperial Age
RankedLock teamsTeams togetherTeam positionsShared explorationLock speedFull tech treeHidden civsTurbo modeCheats
Victory
Defeat
🇹🇼 Georgians · Taiwan
1387
+12
🇬🇧 Armenians · United Kingdom
1345
+14
🇻🇳 Bohemians · Vietnam
1257
+17
🇨🇳 Vietnamese · China
1240
+19
🇪🇸 Italians · Spain
1321
-17
🇨🇳 Berbers · China
1310
-16
🇺🇸 Vikings · United States
1275
-15
🇹🇷 Malay · Türkiye
1272
-14
Carleo_Intestin
7:25 Loom
14:11 Feudal Age
17:52 Castle Age
17:29 Scale Mail Armor
17:41 Forging
18:01 Double-Bit Axe
17:58 Horse Collar
18:53 Chain Mail Armor
29:31 Iron Casting
31:14 Chieftains
35:53 Squires
avalperen2012
3:56 Loom
16:09 Feudal Age
17:15 Wheelbarrow
16:28 Double-Bit Axe
17:02 Fishing Lines
23:32 Castle Age
23:48 Gillnets
24:45 Bow Saw
25:44 Gold Mining
33:15 Hand Cart
Aspirante
3:00 Loom
14:06 Feudal Age
18:25 Castle Age
21:56 Horse Collar
24:12 Double-Bit Axe
30:13 Imperial Age
28:12 Fletching
28:28 Gold Mining
29:41 Bodkin Arrow
36:16 Bracer
39:08 Chemistry
38:29 Ballistics
勇敢牛牛
5:48 Loom
13:09 Feudal Age
16:30 Double-Bit Axe
18:56 Castle Age
20:12 Bow Saw
21:04 Scale Barding Armor
21:10 Forging
21:30 Husbandry
25:56 Chain Barding Armor
29:02 Iron Casting
a.l.a.n.t
5:44 Loom
14:48 Feudal Age
19:34 Castle Age
19:00 Town Watch
20:41 Double-Bit Axe
21:53 Bow Saw
22:23 Medium Warships
24:19 Fletching
25:55 Bodkin Arrow
40:02 Imperial Age
5400100
13:32 Feudal Age
12:54 Loom
15:01 Double-Bit Axe
17:20 Castle Age
16:23 Fletching
18:51 Bow Saw
20:18 Bodkin Arrow
25:29 Wheelbarrow
24:44 Horse Collar
24:50 Fishing Lines
27:19 Town Watch
29:09 Hand Cart
30:25 Chemistry
30:42 Padded Archer Armor
percy5655
4:01 Loom
14:00 Feudal Age
14:29 Double-Bit Axe
14:36 Gold Mining
17:53 Wheelbarrow
20:26 Castle Age
19:11 Stone Mining
21:29 Bow Saw
21:01 Horse Collar
22:01 Stone Shaft Mining
23:08 Fletching
25:28 Bodkin Arrow
29:12 Padded Archer Armor
34:31 Leather Archer Armor
35:54 Thumb Ring
牛拉松
4:41 Loom
12:51 Feudal Age
13:37 Double-Bit Axe
16:47 Fishing Lines
19:57 Castle Age
18:43 Stone Mining
20:58 Bow Saw
21:34 Stone Shaft Mining
22:02 Gillnets
23:20 Gold Mining
24:54 Wheelbarrow
25:35 Scale Barding Armor
25:41 Forging
25:22 Fletching
25:28 Pikeman
26:08 Squires
25:55 Arson
30:42 Imperial Age
28:30 Hand Cart
28:01 Town Watch
28:51 Ballistics
29:30 Bloodlines
29:20 Husbandry
29:42 Treadmill Crane
30:43 Chain Barding Armor
32:15 Guard Tower
32:11 Arrowslits
34:43 Keep
34:24 Svan Towers
34:40 Conscription
33:44 Light Cavalry
34:21 Horse Collar
35:46 Plate Barding Armor
37:13 Iron Casting
36:34 Bodkin Arrow
37:07 Padded Archer Armor
Connection lost

Rejoining the realm…

Still unreachable

The connection could not be restored.

Session expired

The server has moved on; the page needs a fresh start.